 Dungeon Crawl Stone Soup version 0.19.0-2-gae57169 (webtiles) character file.

15772 Querens the Protected (level 12, -1/80 HPs)
             Began as a Gargoyle Fighter on Nov 3, 2016.
             Was a High Priest of Okawaru.
             Slain by an eight-headed hydra (9 damage)
             ... on level 3 of the Lair of Beasts.
             The game lasted 01:08:19 (8755 turns).

Querens the Protected (Gargoyle Fighter)            Turns: 8755, Time: 01:08:21

Health: -1/80      AC: 27    Str: 27    XL:     12   Next: 30%
Magic:  10/12      EV: 11    Int:  9    God:    Okawaru [*****.]
Gold:   695        SH: 15    Dex: 13    Spells: 0 memorised, 11 levels left

rFire  + + .     SeeInvis .     t - +0 flail (crush)
rCold  . . .     Gourm    .     Y - +0 plate armour
rNeg   + . .     Faith    .     g - +0 shield
rPois  ∞         Spirit   .     W - +0 hat "Byhyimu" {rF++ MR+ Dex+4}
rElec  +         Reflect  .     (no cloak)
rCorr  .         Harm     +     m - +0 pair of gloves
MR     +....                    (no boots)
Stlth  ..........               T - amulet of harm
                                x - +2 ring of strength
                                n - +4 ring of slaying

@: heroism
A: negative energy resistance 1, electricity resistance, unbreathing, evolution
2, petrification resistance, rot immunity, AC +8
a: Heroism, Finesse, Renounce Religion


You were on level 3 of the Lair of Beasts.
You worshipped Okawaru.
Okawaru was extremely pleased with you.
You were hungry.

You visited 3 branches of the dungeon, and saw 14 of its levels.
You also visited: Ossuary.

You collected 695 gold pieces.

Inventory:

Hand Weapons
 t - a +0 flail of crushing (weapon)
Armour
 g - a +0 shield (worn)
 m - a +0 pair of gloves (worn)
 q - a +1 scale mail of cold resistance
 O - a +0 chain mail of fire resistance
 W - the +0 hat "Byhyimu" (worn) {rF++ MR+ Dex+4}
   (Okawaru gifted it to you on level 1 of the Lair of Beasts)

   It affects your dexterity (+4).
   It greatly protects you from fire.
   It affects your resistance to hostile enchantments.
 Y - a +0 plate armour (worn)
Jewellery
 n - a +4 ring of slaying (left hand)
 v - an uncursed ring of positive energy
 x - a +2 ring of strength (right hand)
 S - an uncursed ring of protection from cold
 T - an amulet of harm (around neck)
Wands
 c - a wand of paralysis (2/24)
 e - a wand of iceblast (0/15)
 H - a wand of iceblast (8/15)
 N - a wand of iceblast (11/15)
 Q - a wand of heal wounds (0/9)
 Z - a wand of slowing (31/48)
Scrolls
 h - a scroll of immolation
 j - 2 scrolls of enchant weapon
 o - 7 scrolls of remove curse
 s - 2 scrolls of fear
 w - 2 scrolls of fog
 y - a scroll of amnesia
 A - 5 scrolls of teleportation
 C - a scroll of random uselessness {unknown}
 E - 4 scrolls of noise {unknown}
 J - 2 scrolls of recharging {unknown}
 K - a scroll of blinking {unknown}
 L - a scroll of magic mapping {unknown}
 M - a scroll of enchant armour {unknown}
 U - 3 scrolls of vulnerability {unknown}
Potions
 d - a potion of mutation
 k - 2 potions of cancellation
 l - 2 potions of brilliance
 p - 5 potions of lignification
 r - 4 potions of agility
 u - a potion of curing
 z - 2 potions of invisibility
 B - 3 potions of cure mutation
 F - a potion of might
 I - a potion of magic
Books
 a - a book of Clouds

   Spells                             Type                      Level
   a - Mephitic Cloud                 Conjuration/Poison/Air       3
   b - Conjure Flame                  Conjuration/Fire             3
   c - Poisonous Cloud                Conjuration/Poison/Air       6
   d - Freezing Cloud                 Conjuration/Ice/Air          6
   e - Ring of Flames                 Charms/Fire                  7
 G - a book of Maledictions

   Spells                             Type                      Level
   a - Corona                         Hexes                        1
   b - Ensorcelled Hibernation        Hexes/Ice                    2
   c - Confuse                        Hexes                        3
   d - Tukima's Dance                 Hexes                        3
   e - Dazzling Spray                 Conjuration/Hexes            3
Miscellaneous
 P - a fan of gales
 X - a disc of storms
Comestibles
 b - 2 fruits
 f - 4 bread rations
 i - 13 royal jellies
 R - 2 meat rations
 V - a beef jerky


   Skills:
 + Level 11.0(16.0) Fighting
 + Level 10.4(15.4) Maces & Flails
 + Level 11.3(16.3) Armour
 + Level 11.1(16.1) Shields


You had 11 spell levels left.
You didn't know any spells.

Dungeon Overview and Level Annotations

Branches:
Dungeon (10/15)            Temple (1/1) D:7            Lair (3/6) D:9
 Shoals (0/4) Lair:2          Orc (0/2) D:10
  Snake: Lair:2-4    Spider: Lair:2-4

Altars:
Ashenzari
Cheibriados
Dithmenos
Elyvilon
Fedhas
Gozag
Hepliaklqana
Kikubaaqudgha
Makhleb
Nemelex Xobeh
Okawaru
Qazlal
Ru
Sif Muna
Trog
Uskayaw
Vehumet
Xom
Yredelemnul
Zin
The Shining One
Jiyva


Innate Abilities, Weirdness & Mutations

You are resistant to torment.
Your stone body is resilient. (AC +8)
You are immune to poison.
You resist negative energy. (rN+)
You are resistant to electric shocks. (rElec)
You can survive without breathing.
You are immune to petrification.
You are immune to rotting.
You rapidly evolve.


Message History

The eight-headed hydra bites you but does no damage.
You block the eight-headed hydra's attack.
The eight-headed hydra bites you. x2
The eight-headed hydra barely misses you.
You block the eight-headed hydra's attack.
The eight-headed hydra closely misses you.
You block the eight-headed hydra's attack.
You hit the eight-headed hydra.
The eight-headed hydra is moderately wounded.
The eight-headed hydra bites you but does no damage.
The eight-headed hydra bites you.
* * * LOW HITPOINT WARNING * * *
You block the eight-headed hydra's attack. x2
The eight-headed hydra bites you.
* * * LOW HITPOINT WARNING * * *
The eight-headed hydra barely misses you.
The eight-headed hydra bites you!
* * * LOW HITPOINT WARNING * * *
The eight-headed hydra bites you!
You die...

...P......H..P# .........Y..#
........†..# ..........##
.........### ## ...........###
.#### ...........H..###....##
.......#.##............
....P####@##.........#.#..
....####D####H............
.........H.#...............
.............H..............
............................
..............................
..............................
..............................
..............................


You could see an eight-headed hydra and a hippogriff.

Vanquished Creatures
  2 hydras (Lair:3)
  Sonja (Lair:1)
  The ghost of lube99 the Archer, a novice CeAM (D:7)
  3 sirens (Lair:2)
  5 spiny frogs
  A rime drake (Lair:3)
  2 komodo dragons
  The ghost of loom the Conjurer, a novice DECj (D:5)
  A troll (D:10)
  A merfolk (Lair:2)
  A hornet (D:9)
  A blink frog (Lair:1)
  4 hippogriffs
  Sigmund (D:4)
  11 yaks
  2 wyverns
  A steam dragon (D:6)
  2 hungry ghosts
  3 water moccasins
  8 orc warriors
  6 porcupines
  2 ice beasts
  3 phantoms
  A necrophage (D:7)
  2 eyes of draining (D:10)
  6 ogres
  4 centaurs
  7 big kobolds
  2 crocodiles
  A gnoll sergeant (D:5)
  6 bullfrogs
  An elf zombie (Ossuary)
  A scorpion (D:10)
  A water moccasin skeleton (D:7)
  4 wights (D:6)
  A howler monkey (D:6)
  An electric eel (Lair:2)
  5 crimson imps
  2 centaur zombies
  4 jellies
  A quasit (D:9)
  A human zombie (Ossuary)
  5 orc priests
  A hound (D:9)
  An iguana (D:8)
  4 worker ants
  Terence (D:3)
  3 hell rats (D:9)
  7 orc wizards
  2 big kobold zombies (Ossuary)
  A hound skeleton (D:4)
  2 mummies (Ossuary)
  A worker ant zombie (D:8)
  14 gnolls
  5 adders
  A river rat (D:9)
  A shadow imp (D:5)
  5 oozes (D:8)
  3 adder zombies
  An adder skeleton (D:9)
  4 worms
  2 dart slugs
  4 leopard geckos
  33 orcs
  9 giant cockroaches
  5 goblins
  9 hobgoblins
  3 jackals (D:9)
  8 quokkas
  2 ball pythons
  5 bats
  6 frilled lizards
  9 hobgoblin zombies (Ossuary)
  11 kobolds
  9 kobold zombies (Ossuary)
  11 orc zombies (Ossuary)
  3 quokka skeletons
  13 rats
318 creatures vanquished.

Notes
Turn   | Place    | Note
-------+----------+-------------------------------------------
     0 | D:1      | Querens the Gargoyle Fighter began the quest for the Orb.
     0 | D:1      | Reached XP level 1. HP: 14/14 MP: 1/1
   140 | D:1      | Reached XP level 2. HP: 19/19 MP: 2/2
   467 | D:1      | Reached XP level 3. HP: 22/23 MP: 3/3
  1294 | D:2      | Reached XP level 4. HP: 27/29 MP: 4/4
  1405 | D:3      | Noticed Terence
  1415 | D:3      | Killed Terence
  1501 | D:3      | Found a glowing silver altar of Zin.
  1818 | D:3      | Reached XP level 5. HP: 33/33 MP: 5/5
  2213 | D:4      | Noticed Sigmund
  2238 | D:4      | Killed Sigmund
  2238 | D:4      | Reached XP level 6. HP: 12/39 MP: 6/6
  2337 | D:5      | Entered Level 5 of the Dungeon
  2405 | D:5      | Found a sand-covered staircase.
  2414 | Ossuary  | Entered an ossuary
  2516 | Ossuary  | Reached skill level 5 in Armour
  2527 | Ossuary  | Reached skill level 5 in Shields
  2539 | Ossuary  | Reached XP level 7. HP: 29/44 MP: 7/7
  2545 | Ossuary  | Reached skill level 5 in Fighting
  2767 | D:5      | Noticed loom's ghost (novice DECj)
  2784 | D:5      | Gained mutation: You evolve. [potion of beneficial mutation]
  2787 | D:5      | Killed loom's ghost
  2787 | D:5      | Reached skill level 5 in Maces & Flails
  2787 | D:5      | Reached XP level 8. HP: 10/51 MP: 8/8
  3381 | D:5      | Found an iron altar of Okawaru.
  3389 | D:5      | Became a worshipper of Warmaster Okawaru
  3798 | D:6      | Reached * piety under Okawaru
  3801 | D:6      | Reached XP level 9. HP: 30/56 MP: 9/9
  4020 | D:6      | Found a shimmering altar of Xom.
  4238 | D:7      | Noticed lube99's ghost (novice CeAM)
  4301 | D:7      | Killed lube99's ghost
  4301 | D:7      | Reached ** piety under Okawaru
  4401 | D:7      | Found a staircase to the Ecumenical Temple.
  4413 | Temple   | Entered the Ecumenical Temple
  5462 | D:8      | Reached XP level 10. HP: 59/64 MP: 10/10
  5596 | D:8      | Reached *** piety under Okawaru
  5900 | D:8      | Found a viscous altar of Jiyva.
  6382 | D:9      | Found a staircase to the Lair.
  6396 | D:9      | Reached **** piety under Okawaru
  6620 | D:9      | Found a deep blue altar of Sif Muna.
  6647 | D:9      | Found an opulent altar of Gozag.
  6831 | D:10     | Entered Level 10 of the Dungeon
  7125 | D:10     | Found a staircase to the Orcish Mines.
  7139 | D:10     | Reached XP level 11. HP: 67/71 MP: 11/11
  7219 | D:10     | Received a gift from Okawaru
  7495 | Lair:1   | Entered Level 1 of the Lair of Beasts
  7517 | Lair:1   | Reached skill level 10 in Armour
  7540 | Lair:1   | Reached ***** piety under Okawaru
  7604 | Lair:1   | Noticed Sonja
  7625 | Lair:1   | Killed Sonja
  7625 | Lair:1   | Received a gift from Okawaru
  7625 | Lair:1   | Reached skill level 10 in Fighting
  7625 | Lair:1   | Reached skill level 10 in Shields
  7629 | Lair:1   | Got a spiked hat {god gift}
  7640 | Lair:1   | Identified the +0 hat "Byhyimu" {rF++ MR+ Dex+4} (Okawaru gifted it to you on level 1 of the Lair of Beasts)
  8169 | Lair:2   | Gained mutation: You rapidly evolve. [evolution]
  8518 | Lair:2   | Found a staircase to the Shoals.
  8528 | Lair:2   | Reached skill level 10 in Maces & Flails
  8540 | Lair:2   | Reached XP level 12. HP: 39/79 MP: 12/12
  8696 | Lair:3   | Noticed a four-headed hydra
  8710 | Lair:3   | Killed a four-headed hydra
  8713 | Lair:3   | Noticed an eight-headed hydra
  8723 | Lair:3   | Killed an eight-headed hydra
  8726 | Lair:3   | Noticed an eight-headed hydra
  8755 | Lair:3   | Slain by an eight-headed hydra

Skill      XL: |  1  2  3  4  5  6  7  8  9 10 11 12 |
---------------+-------------------------------------+-----
Armour         | 4 5 7 8 9 10 11 | 11.3
Fighting       | 4 5 6 8 9 10 11 | 11.0
Maces & Flails | 3 4 5 6 7 8 10 | 10.4
Shields        | 4 5 6 8 9 10 11 | 11.1

Action                   |  1- 3 |  4- 6 |  7- 9 | 10-12 || total
-------------------------+-------+-------+-------+-------++-------
Melee: Flail             |   142 |   156 |   398 |   523 ||  1219
Invok: Heroism           |       |       |     2 |     4 ||     6
Evoke: Wand              |       |       |     7 |    11 ||    18
  Use: Potion            |       |     3 |     6 |     1 ||    10
       Scroll            |       |       |     7 |     8 ||    15
 Stab: Distracted        |       |       |       |     1 ||     1
       Paralysed         |       |       |       |     4 ||     4
  Eat: Chunk             |     1 |     4 |     8 |    12 ||    25
       Beef jerky        |       |       |     3 |       ||     3
       Fruit             |       |       |       |     2 ||     2
Armor: Scale mail        |    77 |    62 |   145 |    23 ||   307
       Skin              |       |     1 |       |       ||     1
       Chain mail        |       |       |       |    95 ||    95
       Plate armour      |       |       |       |    83 ||    83
Dodge: Dodged            |    27 |    45 |    67 |    86 ||   225
Block: Shield            |    71 |    54 |   156 |   285 ||   566
